AoeStats
← Axolot

MegaRandom

505319084Analyzed
2v2 RM · 23d ago on Sep 8, 2026· 75m 11s· 4 players
Game mode
Random Map
Map size
Medium (4 player)
Population
200
Speed
Normal
Resources
Standard
Victory
Conquest
Starting age
Dark Age
Ending age
Imperial Age
RankedLock teamsTeams togetherTeam positionsShared explorationLock speedFull tech treeHidden civsTurbo modeCheats
Victory
Defeat
🇦🇷 Inca · Argentina
1496
+16
🇦🇷 Cumans · Argentina
1472
+16
🇩🇪 Malay · Germany
1491
-16
🇩🇪 Vikings · Germany
1489
-16
Axolot
9:03 Feudal Age
8:05 Loom
10:14 Double-Bit Axe
10:26 Horse Collar
13:39 Wheelbarrow
20:35 Castle Age
19:21 Fishing Lines
19:55 Stone Mining
20:23 Fletching
20:35 Padded Archer Armor
21:29 Bloodlines
21:20 Gold Mining
21:49 Bow Saw
21:59 Town Watch
22:27 Heavy Plow
24:44 Ballistics
25:03 Thumb Ring
25:00 Bodkin Arrow
25:34 Murder Holes
29:21 Leather Archer Armor
32:53 Imperial Age
31:40 Hand Cart
34:16 Gold Shaft Mining
33:21 Elite Kipchak
35:17 Chemistry
36:18 Masonry
36:40 Ring Archer Armor
37:57 Conscription
40:40 Cuman Mercenaries
41:54 Cavalier
42:41 Scale Barding Armor
42:47 Forging
44:15 Paladin
46:59 Chain Barding Armor
47:14 Iron Casting
50:15 Hoardings
49:43 Light Cavalry
51:01 Plate Barding Armor
51:27 Blast Furnace
51:13 Steppe Husbandry
50:51 Hussar
60:47 Two-Man Saw
65:16 Guilds
67:48 Caravan
Dino_Mate
8:40 Loom
10:44 Feudal Age
11:57 Double-Bit Axe
14:41 Fletching
19:05 Castle Age
17:51 Horse Collar
18:51 Stone Mining
19:59 Heavy Plow
20:09 Heavy Plow
20:28 Bow Saw
23:17 Bodkin Arrow
27:24 Wheelbarrow
27:00 Scale Mail Armor
27:16 Squires
29:06 Gold Mining
29:52 Town Watch
34:13 Imperial Age
32:11 Elite Skirmisher
32:55 Padded Archer Armor
34:54 Bracer
35:58 Chemistry
35:49 Leather Archer Armor
38:05 Ring Archer Armor
39:56 Ballistics
49:49 Crossbowman
72:06 Andean Sling
75:31 Thumb Ring
pownerto
6:38 Loom
8:51 Feudal Age
9:25 Double-Bit Axe
12:19 Fletching
13:20 Town Watch
14:55 Padded Archer Armor
20:59 Castle Age
20:48 Fishing Lines
21:27 Gold Mining
21:38 Bodkin Arrow
21:03 Crossbowman
23:45 Horse Collar
24:52 Bow Saw
30:26 Imperial Age
29:37 Gold Shaft Mining
29:20 Gillnets
30:39 Ballistics
31:50 Stone Mining
32:27 Bracer
33:30 Chemistry
35:29 Arbalester
36:31 Leather Archer Armor
36:17 Elite Skirmisher
37:55 Squires
38:27 Ring Archer Armor
38:07 Forging
37:58 Scale Mail Armor
39:24 Forging
39:02 Arson
40:40 Conscription
42:05 Bogsveigar
42:15 Chieftains
42:33 Chain Mail Armor
44:17 Elite Berserk
45:44 Plate Mail Armor
45:50 Iron Casting
45:25 Pikeman
52:52 Hoardings
60:24 Coinage
61:27 Heavy Plow
63:20 Banking
64:36 Guard Tower
67:42 Blast Furnace
68:28 Caravan
74:45 Capped Ram
Nelloz
5:13 Loom
11:12 Feudal Age
15:15 Castle Age
14:14 Double-Bit Axe
16:48 Scale Barding Armor
17:28 Bow Saw
21:50 Husbandry
22:37 Horse Collar
24:46 Wheelbarrow
25:23 Town Watch
26:51 Hand Cart
29:05 Heavy Plow
29:24 Gold Mining
30:36 Forging
33:42 Iron Casting
36:13 Imperial Age
34:19 Fletching
34:29 Padded Archer Armor
35:49 Elite Battle Elephant
37:26 Leather Archer Armor
38:03 Conscription
37:27 Elite Skirmisher
38:12 Thumb Ring
40:05 Blast Furnace
44:01 Ballistics
44:42 Chemistry
45:52 Bodkin Arrow
46:27 Ring Archer Armor
48:25 Bracer
53:02 Conscription
53:28 Siege Engineers
54:21 Stone Mining
55:06 Gold Shaft Mining
57:12 Pikeman
57:52 Squires
59:31 Halberdier
Connection lost

Rejoining the realm…

Still unreachable

The connection could not be restored.

Session expired

The server has moved on; the page needs a fresh start.